 Dungeon Crawl Stone Soup version 0.28.0-47-ge53b351184 (webtiles) character file.

Game seed: 6134732052795154996

101 CryoSword the Gusty (level 4, -1/24 HPs)
             Began as a Tengu Air Elementalist on May 4, 2022.
             Slain by Ijyb
             ... wielding a +0 club
              (2 damage)
             ... on level 3 of the Dungeon.
             The game lasted 00:03:51 (3333 turns).

CryoSword the Gusty (Tengu Air Elementalist)        Turns: 3333, Time: 00:03:52

Health: -1/24      AC:  3    Str:  9    XL:     4   Next: 75%
Magic:  1/8        EV: 12    Int: 17    God:
Gold:   119        SH:  0    Dex: 14    Spells: 1/7 levels left

rFire   . . .      SeeInvis .   d - +0 dagger
rCold   . . .      Faith    .   (no shield)
rNeg    . . .      Spirit   .   a - +0 robe
rPois   .          Reflect  .   (helmet restricted)
rElec   .          Harm     .   h - +0 cloak
rCorr   .          Rampage  .   (no gloves)
Will    .....                   (boots unavailable)
Stlth   +.........              (no amulet)
HPRegen 0.08/turn               (no ring)
MPRegen 0.11/turn               (no ring)

@: confused, mighty
A: beak, talons 3
a: no special abilities


You were on level 3 of the Dungeon.
You visited 1 branch of the dungeon, and saw 3 of its levels.

You collected 119 gold pieces.

Inventory:

Hand Weapons
 d - a +0 dagger (weapon)
   (You took it off a goblin on level 1 of the Dungeon)
Missiles
 l - a throwing net
 m - 2 boomerangs
Armour
 a - a +0 robe (worn)
 h - a +0 cloak (worn)
   (You found it on level 1 of the Dungeon)
Wands
 p - a wand of paralysis (1)
   (You took it off a goblin on level 3 of the Dungeon)
Scrolls
 b - a scroll of silence {unknown}
 c - 3 scrolls of identify {unknown}
 e - a scroll of immolation {unknown}
 g - 3 scrolls of teleportation {unknown}
 j - 2 scrolls of blinking {unknown}
 k - 3 scrolls of fear {unknown}
Potions
 f - a potion of attraction {unknown}
 o - a potion of invisibility {unknown}


   Skills:
 - Level 2.1 Dodging
 - Level 2.0 Stealth
 - Level 2.0 Spellcasting
 + Level 4.2 Conjurations
 + Level 5.7 Air Magic


You had one spell level left.
You knew the following spells:

 Your Spells              Type           Power      Damage    Failure   Level
a - Shock                 Conj/Air       72%        1d7       2%          1
b - Static Discharge      Conj/Air       18%        N/A       3%          2
c - Swiftness             Air            21%        N/A       5%          3

Your spell library contained the following spells:

 Spells                   Type           Power      Damage    Failure   Level
 Airstrike                Air            10%        N/A       19%         4
 Ensorcelled Hibernation  Hex/Ice        2%         N/A       28%         2
 Passwall                 Tmut/Erth      0%         N/A       28%         2
 Call Canine Familiar     Summ           1%         N/A       50%         3
 Portal Projectile        Hex/Tloc       2%         N/A       50%         3
 Leda's Liquefaction      Hex/Erth       0%         N/A       88%         4


Dungeon Overview and Level Annotations

Branches:
Dungeon (3/15)

Altars:

Shops:
D:2 (

Annotations:
D:3 Ijyb


Innate Abilities, Weirdness & Mutations

You have a beak for a mouth.
You have claws for feet.


Message History

An adder is nearby!
The helpless adder fails to defend itself.
You hit the adder. Your kick misses the adder. The adder barely misses you.
The adder bites you.
You miss the adder. Your kick misses the adder. You peck the adder.
The adder closely misses you.
The adder is struck by an arc of lightning.
You kill the adder!
You are struck by an arc of lightning.
The lightning grounds out.
You now have 92 gold pieces (gained 16).
Found a dagger.
Found a flail.
c - 3 scrolls labelled XOANAS WAREIT (gained 1)
Found 26 stones.
An endoplasm comes into view.
A goblin comes into view.
It is wielding a +0 long sword and carrying a wand of paralysis (3).
The helpless endoplasm fails to defend itself.
You puncture the endoplasm!
You kill the endoplasm!
The goblin zaps a wand.
You suddenly lose the ability to move!
The goblin hits you with a +0 long sword.
The goblin hits you with a +0 long sword.
The goblin zaps a wand.
You shrug off the repeated paralysis!
The goblin hits you with a +0 long sword.
You can move again.
Unknown command.
The goblin is struck by an arc of lightning.
You kill the goblin!
You are struck by an arc of lightning.
The lightning grounds out.
p - a wand of paralysis (1)
You now have 119 gold pieces (gained 27).
Things that are here:
a +0 long sword; a goblin corpse A rat comes into view.
A rat is nearby!
Found a club.
You closely miss the rat. Your kick misses the rat. Your peck misses the rat.
The rat barely misses you.
You hit the rat but do no damage. You claw the rat.
You kill the rat!
No target in view!
A bat comes into view.
A bat is nearby!
A bat is nearby!
A bat is nearby!
The bat barely misses you.
You hit the bat.
You kill the bat!
Unknown command.
Unknown command.
Unknown command.
Unknown command.
You see here a bat corpse.
Found a stone staircase leading down.
Found an escape hatch in the ceiling.
Found a leather armour.
Found an escape hatch in the floor.
There is an escape hatch in the floor here.
Found a stone staircase leading up.
A ball python comes into view.
A ball python is nearby!
A ball python is nearby!
A ball python is nearby!
Found a book of Burglary.
The helpless ball python fails to defend itself.
You puncture the ball python!
You kill the ball python!
No target in view!
No target in view!
You pick up a book of Burglary and begin reading...
You add the spells Passwall and Ensorcelled Hibernation to your library.
Ijyb the Twisted Goblin comes into view.
She is wielding a +0 club and carrying a wand of charming (12).
Unknown command.
Aim: Ijyb, wielding a +0 club, wearing a +0 ring mail and carrying a wand of charming (12) (asleep, 100% to hit)
The zap hits Ijyb.
Ijyb zaps a wand.
You resist with some effort.
Aim: Ijyb, wielding a +0 club, wearing a +0 ring mail and carrying a wand of charming (11) (lightly wounded, 68% to hit)
The zap hits Ijyb.
Ijyb zaps a wand.
Your will is overpowered!
You are confused.
Unknown command.
Unknown command.
Ijyb zaps a wand.
Your will is overpowered!
You are more confused.
Unknown command.
You're too confused to move!
Ijyb screams, "You nasty!
Big nasty!"
Ijyb zaps a wand.
Your will is overpowered!
You are more confused.
Unknown command.
Ijyb zaps a wand.
Your will is overpowered!
You are more confused.
Ijyb barely misses you. Ijyb closely misses you.
You hit Ijyb but do no damage. Your kick misses Ijyb.
You peck Ijyb, but do no damage. Ijyb closely misses you.
You closely miss Ijyb. Your kick misses Ijyb. You peck Ijyb.
Your punch misses Ijyb. Ijyb hits you with a +0 club.
Ijyb zaps a wand.
Your will is overpowered!
You are more confused.
Unknown command.
Ijyb zaps a wand.
You resist with some effort.
You miss Ijyb. Your peck misses Ijyb. Ijyb hits you with a +0 club.
Ijyb zaps a wand.
You resist with some effort.
Unknown command.
Ijyb hits you with a +0 club.
* * * LOW HITPOINT WARNING * * *
You're too confused to move!
Ijyb zaps a wand.
You resist with some effort.
Unknown command.
Unknown command.
It was a potion of curing.
You feel better. Ijyb closely misses you.
Ijyb is struck by an arc of lightning.
You are struck by an arc of lightning.
The lightning grounds out.
Ijyb barely misses you.
Ijyb is struck by an arc of lightning.
You are struck by an arc of lightning.
The lightning grounds out.
Ijyb hits you with a +0 club.
Ijyb is struck by an arc of lightning.
You are struck by an arc of lightning.
The lightning grounds out.
Ijyb barely misses you.
Ijyb is struck by an arc of lightning!
You are struck by an arc of lightning.
The lightning grounds out.
Ijyb hits you with a +0 club.
* * * LOW HITPOINT WARNING * * *
You barely miss Ijyb.
Ijyb screams, "Get away!"
Ijyb zaps a wand.
You resist with some effort.
You hit Ijyb but do no damage. Your kick misses Ijyb.
Ijyb hits you with a +0 club.
* * * LOW HITPOINT WARNING * * *
It was a potion of might.
You feel very mighty all of a sudden.
Ijyb zaps a wand.
Your will is overpowered!
You are confused.
You closely miss Ijyb. Your peck misses Ijyb. Ijyb closely misses you.
You're too confused to move!
Ijyb hits you with a +0 club.
* * * LOW HITPOINT WARNING * * *
Ijyb hits you with a +0 club.
You die...

####.#####............##.#######.
#. #...............# #. #.
#.........####### #. #.
###.........# #. ............#
#######. #.........# #.......
#.........# #.......
#.........### #..รท....
#......@....# ########
#......g....# ....##......$.#
#### #........# #........#
#........# # #........# #
#........# # #........# #


You could see Ijyb.

Vanquished Creatures
  A hound skeleton (D:2)
  2 adders
  2 dart slugs (D:1)
  An orc (D:3)
  4 ball pythons
  10 bats
  3 endoplasms
  2 giant cockroaches (D:1)
  4 goblins
  4 hobgoblins
  7 jackals (D:2)
  5 quokkas
  3 frilled lizards (D:2)
  4 kobolds
  6 rats
58 creatures vanquished.

Vanquished Creatures (others)
  A fungus (D:1)
  2 plants (D:1)
3 creatures vanquished.

Grand Total: 61 creatures vanquished

Notes
Turn   | Place    | Note
-------+----------+-------------------------------------------
     0 | D:1      | CryoSword the Tengu Air Elementalist began the quest for
                  | the Orb.
     0 | D:1      | Reached XP level 1. HP: 10/10 MP: 4/4
   440 | D:1      | Reached XP level 2. HP: 15/15 MP: 3/6
   443 | D:1      | Learned a level 2 spell: Static Discharge
  1252 | D:1      | Reached XP level 3. HP: 6/19 MP: 3/7
  1473 | D:1      | Found a faded altar of an unknown god.
  1763 | D:2      | Learned a level 3 spell: Swiftness
  1824 | D:2      | Reached skill level 5 in Air Magic
  2033 | D:2      | Reached XP level 4. HP: 22/24 MP: 2/8
  2278 | D:2      | Found Yklelix's Weapon Emporium.
  2958 | D:3      | Paralysed by a goblin for 6 turns
  3301 | D:3      | Noticed Ijyb
  3332 | D:3      | HP: 1/24 [Ijyb/+0 club (4)]
  3333 | D:3      | Slain by Ijyb

Illustrated notes

Levels and vault maps discovered:
D:1:      dpeg_arrival_snail, layout_basic,
          shapermc_ecumenical_altar_mp_ritualfount
D:2:      layout_basic, serial_shops, nicolae_shop_bloodbath_and_beyond
D:3:      cheibrodos_old_hovel, layout_basic, uniq_ijyb

Skill      XL: |  1  2  3  4 |
---------------+-------------+-----
Conjurations   | 2 3 4 |  4.2
Air Magic      | 5 |  5.7
Dodging        | |  2.1
Stealth        | |  2.0
Spellcasting   | |  2.0

Action                   |  1- 3 |  4- 6 || total
-------------------------+-------+-------++-------
Melee: Unarmed           |     7 |       ||     7
       Kick              |    12 |     6 ||    18
       Dagger            |    31 |    29 ||    60
       Peck              |     2 |     4 ||     6
 Cast: Shock             |    31 |     3 ||    34
       Static Discharge  |    17 |    19 ||    36
  Use: Potion            |       |     2 ||     2
 Stab: Sleeping          |     2 |     6 ||     8
Armor: Robe              |    21 |     7 ||    28
Dodge: Dodged            |    35 |    28 ||    63
